 Dungeon Crawl Stone Soup version 0.16.0-17-g811c1d7 (webtiles) character file.

72832 Sorcv the Imperceptible (level 15, -2/88 HPs)
             Began as a Kobold Enchanter on Mar 20, 2015.
             Was the Champion of Ashenzari.
             Splashed by a deep elf sorcerer's acid (6 damage)
             ... on level 1 of the Elven Halls.
             The game lasted 01:40:00 (15365 turns).

Sorcv the Imperceptible (Kobold Enchanter)         Turns: 15365, Time: 01:40:01

Health: -2/88      AC: -1    Str:  9      XL:     15   Next: 87%
Magic:  10/27      EV: 31    Int: 10 (11) God:    Ashenzari [******]
Gold:   700        SH:  5    Dex: 20      Spells: 7 memorised, 5 levels left

rFire  . . .     SeeInvis +     w - +6 short sword (freeze) (curse)
rCold  + . .     Clarity  +     l - +1 robe {rC+} (curse)
rNeg   . . .     SustAb   .     s - +0 buckler
rPois  +         Gourm    .     o - +0 helmet (curse)
rElec  .         Spirit   .     C - +0 cloak
rCorr  .         Warding  .     (no gloves)
rMut   .         Stasis   .     (no boots)
MR     +....                    r - amulet of regeneration (curse)
Stlth  +++++++++.               i - ring of poison resistance (curse)
                                Y - ring of stealth

@: corroded equipment, repel missiles, somewhat resistant to hostile
enchantments, incredibly stealthy
A: rough black scales 1, carnivore 3, deterioration 1, dopey 1
a: Scrying, Transfer Knowledge, Renounce Religion


You were on level 1 of the Elven Halls.
You worshipped Ashenzari.
Ashenzari was exalted by your worship.
You were not hungry.

You visited 5 branches of the dungeon, and saw 24 of its levels.
You visited the Abyss 1 time.
You also visited: Ossuary and Ice Cave.

You collected 2845 gold pieces.
You spent 2145 gold pieces at shops.

Inventory:

Hand weapons
 w - a cursed +6 short sword of freezing (weapon)
Armour
 c - a +2 hat
 l - a cursed +1 robe of cold resistance (worn)
 o - a cursed +0 helmet (worn)
 s - a +0 buckler (worn)
 C - a +0 cloak (worn)
 R - a +1 cloak
Jewellery
 i - a cursed ring of poison resistance (right hand)
 k - an uncursed ring of protection from magic
 r - a cursed amulet of regeneration (around neck)
 u - an uncursed ring of sustain abilities
 D - an uncursed amulet of stasis
 F - a cursed ring of protection from fire
 X - the brooch of Shielding {Ward rN+ AC+4 EV+4}
   (You found it on level 7 of the Lair of Beasts)

   [amulet of warding]

   It may prevent the melee attacks of summoned creatures.
   It affects your AC (+4).
   It affects your evasion (+4).
   It protects you from negative energy.
 Y - a ring of stealth (left hand)
Magical devices
 a - a wand of fire (2)
 t - a wand of enslavement (2)
 y - a wand of digging (10)
 Z - a wand of digging (12)
Scrolls
 b - 3 scrolls of random uselessness {unknown}
 e - a scroll of holy word
 m - 4 scrolls of enchant armour
 p - a scroll of silence
 x - 3 scrolls of amnesia
 z - a scroll of curse weapon
 A - 10 scrolls of remove curse
 E - a scroll of teleportation
 G - 5 scrolls of recharging
 I - a scroll of enchant weapon
 K - 5 scrolls of identify
 V - a scroll of magic mapping
Potions
 g - 6 potions of curing
 n - a potion of magic {unknown}
 v - 3 potions of cancellation
 B - 3 potions of flight
 H - 5 potions of restore abilities
 J - 6 potions of might
 L - 3 potions of resistance
 M - 3 potions of cure mutation
 N - 3 potions of brilliance
 O - 3 potions of haste
 P - a potion of berserk rage {unknown}
 T - a potion of invisibility
 U - a potion of agility
Books
 f - a book of Dreams

   Spells                             Type                      Level
   a - Ensorcelled Hibernation        Hexes/Ice                    2
   b - Flight                         Charms/Air                   3
   c - Phase Shift                    Translocation                5
   d - Shadow Creatures               Summoning                    5
   e - Mass Confusion                 Hexes                        6
   f - Darkness                       Hexes                        7
 h - a book of Minor Magic

   Spells                             Type                      Level
   a - Magic Dart                     Conjuration                  1
   b - Blink                          Translocation                2
   c - Call Imp                       Summoning                    2
   d - Repel Missiles                 Charms/Air                   2
   e - Slow                           Hexes                        2
   f - Conjure Flame                  Conjuration/Fire             3
   g - Mephitic Cloud                 Conjuration/Poison/Air       3
 Q - a book of the Sky

   Spells                             Type                      Level
   a - Flight                         Charms/Air                   3
   b - Airstrike                      Air                          4
   c - Silence                        Hexes/Air                    5
   d - Deflect Missiles               Charms/Air                   6
   e - Conjure Ball Lightning         Conjuration/Air              6
   f - Tornado                        Air                          9
Comestibles
 d - 14 meat rations
 j - 5 royal jellies
 q - 4 beef jerkies


   Skills:
 - Level 8.1 Fighting
 - Level 10.1(14.4) Short Blades
 * Level 17.0 Dodging
 + Level 21.1 Stealth
 - Level 5.0 Spellcasting
 + Level 7.3(10.4) Hexes
 - Level 1.0(2.7) Ice Magic
 * Level 4.3(7.2) Air Magic
 - Level 8.4(11.3) Evocations


You had 5 spell levels left.
You knew the following spells:

 Your Spells              Type           Power        Failure   Level  Hunger
a - Corona                Hex            ###....      1%          1    None
b - Ensorcelled Hibernat  Hex/Ice        ###...       4%          2    ##.....
c - Confuse               Hex            ###.....     1%          3    ###....
d - Dazzling Spray        Conj/Hex       ##......     14%         3    ###....
e - Repel Missiles        Chrm/Air       ##....       14%         2    ##.....
f - Flight                Chrm/Air       ##........   24%         3    ###....
g - Silence               Hex/Air        ###.......   30%         5    ######.


Dungeon Overview and Level Annotations

Branches:
Dungeon (10/15)            Temple (1/1) D:7            Lair (8/8) D:9
  Swamp (0/5) Lair:5       Spider (0/5) Lair:4        Slime (0/6) Lair:6
    Orc (4/4) D:10            Elf (1/3) Orc:4

Altars:
Ashenzari
Cheibriados
Elyvilon
Gozag
Makhleb
Okawaru
Qazlal
Zin
The Shining One
Beogh
Jiyva

Shops:
D:7 ?   Orc:2 [   Orc:3 ?   Orc:4 %=!*   Elf:1 !

Annotations:
D:2 Jessica


Innate Abilities, Weirdness & Mutations

You are small and have problems with some larger weapons.
You are carnivorous and can eat meat at any time.
You are partially covered in rough black scales (AC +4, Dex -1).
Your body is slowly deteriorating.
You are dopey. (Int -2)


Message History

Confirm with . or Enter, or press ? or * to list all spells.
Aiming: Dazzling Spray
Press: ? - help, Shift-Dir - straight line, f/p - deep elf sorcerer
Aim: a deep elf sorcerer, wielding a long sword and wearing a ring mail (lightly wounded, fast)
The spray of energy hits the deep elf sorcerer.
The deep elf sorcerer is lightly wounded.
The chaos spawn buzzes angrily.
The deep elf sorcerer completely misses you.
Casting: Dazzling Spray
Confirm with . or Enter, or press ? or * to list all spells.
Aiming: Dazzling Spray
Press: ? - help, Shift-Dir - straight line, f/p - deep elf sorcerer
Aim: a deep elf sorcerer, wielding a long sword and wearing a ring mail (lightly wounded, fast)
The spray of energy hits the deep elf sorcerer.
The deep elf sorcerer is moderately wounded.
The deep elf sorcerer casts a spell at you.
The bolt of acid hits you!
* * * LOW HITPOINT WARNING * * *
The acid corrodes your equipment!
The acid burns!
You die...

* ..., * #.# #..##.......##
........# #.#####...'........'
#........###.......###.......##
#.....s.s'...#####.# #......##
#.e..r...#*#.# #.# ########
###........# #.# #.#
..'.......#* #.# #.# *#......#
#.#####.## *#....# #3e@.....#
#######'# #e######.# ...s.sse#
##.# #.#
######rr#####..######'### ##
#..##....{..##.....#.. ,,* .##
#..####.....#...........,,
..####...#..##............... ,
'
...+....##..[e##.............,
*
..#####.##......##..........,,
*


You could see a deep elf sorcerer, a chaos spawn (blind) and a deep elf mage.

Vanquished Creatures
  Rupert (Elf:1)
  A white draconian (IceCv)
  Josephine (Orc:4)
  An ogre mage (Orc:1)
  4 hydras
  5 death yaks (Lair:8)
  2 orc high priests (Orc:4)
  3 deep elf knights (Elf:1)
  A fire crab (Lair:6)
  A wizard (Elf:1)
  An unseen horror (D:7)
  5 deep elf summoners (Elf:1)
  2 deep elf conjurers (Elf:1)
  A hill giant (D:10)
  A wolf spider (Lair:8)
  5 orc knights
  4 orc sorcerers (Orc:4)
  7 black mambas
  A hornet (Lair:8)
  A guardian serpent (Lair:8)
  A queen ant (D:10)
  15 spiny frogs
  7 elephants
  A torpor snail (Lair:4)
  3 fire drakes
  11 komodo dragons
  14 polar bears (IceCv)
  2 deep elf priests (Elf:1)
  The ghost of timbw the Covert, an experienced SpIE (D:9)
  A two-headed ogre (D:8)
  A boulder beetle (Lair:7)
  A trapdoor spider zombie (D:10)
  19 blink frogs
  A jumping spider (Elf:1)
  3 basilisks
  47 yaks
  11 deep elf magi
  A trapdoor spider (D:9)
  3 wraiths (Orc:4)
  5 wyverns
  3 soldier ants (D:10)
  27 water moccasins
  3 hippogriffs
  4 vampire mosquitoes (Lair:5)
  12 deep elf fighters
  10 wolves
  The ghost of timbw the Ducker, an average DEVM (D:4)
  A swamp drake (Orc:4)
  2 wargs
  19 orc warriors
  9 porcupines
  2 boggarts (Elf:1)
  12 spiders
  2 ice beasts
  4 centaurs
  14 ogres
  2 black bears (Lair:2)
  2 wasps (Lair:8)
  2 phantoms
  A necrophage (D:7)
  An elf zombie (Ossuary)
  Sigmund (D:3)
  8 crocodiles
  A gnoll sergeant (D:10)
  12 giant frogs
  5 killer bees (D:8)
  A scorpion (D:8)
  A troll skeleton (D:9)
  2 electric eels (Lair:8)
  7 hounds
  2 crimson imps
  2 quasits
  2 giant frog zombies
  A human zombie (Ossuary)
  3 goliath beetles
  An iron imp (Orc:4)
  6 jellies
  2 centaur zombies
  20 orc priests
  23 orc wizards
  3 centaur skeletons
  9 iguanas
  36 worker ants
  20 sheep
  3 big kobold zombies (Ossuary)
  Ijyb (D:3)
  4 mummies
  Robin (D:3)
  9 gnolls
  48 river rats
  20 adders
  2 shadow imps
  13 white imps
  2 adder skeletons
  An ooze (D:1)
  143 orcs
  23 bats
  A bat skeleton (D:4)
  6 giant cockroaches
  23 goblins
  19 hobgoblins
  8 quokkas
  A ball python (D:1)
  2 giant geckos
  A giant gecko skeleton (D:9)
  8 giant newts
  2 giant spores (D:8)
  17 hobgoblin zombies (Ossuary)
  11 jackals
  13 kobolds
  7 kobold zombies (Ossuary)
  8 orc zombies
  14 rats
  5 ballistomycetes
  A fungus (D:9)
914 creatures vanquished.

Vanquished Creatures (collateral kills)
  An orc high priest (Orc:4)
  A yak (IceCv)
2 creatures vanquished.

Vanquished Creatures (others)
  A wolf (IceCv)
  A quasit (Elf:1)
  An orc priest (Orc:4)
  4 orcs (Orc:4)
  A jackal (D:8)
  A quokka (D:8)
  A giant spore (D:9)
  A goblin (Orc:4)
  9 fungi
  3 plants (Lair:8)
23 creatures vanquished.

Grand Total: 939 creatures vanquished

Notes
Turn   | Place    | Note
--------------------------------------------------------------
     0 | D:1      | Sorcv, the Kobold Enchanter, began the quest for the Orb.
     0 | D:1      | Reached XP level 1. HP: 10/10 MP: 3/3
    95 | D:1      | Reached XP level 2. HP: 12/15 MP: 4/4
   112 | D:1      | Learned a level 2 spell: Ensorcelled Hibernation
   196 | D:1      | Reached skill level 5 in Stealth
   351 | D:1      | Reached XP level 3. HP: 12/19 MP: 6/6
   825 | D:2      | Reached skill level 6 in Stealth
   933 | D:2      | Noticed Jessica
   992 | D:3      | Learned a level 3 spell: Confuse
   995 | D:3      | Noticed Robin
  1000 | D:3      | Killed Robin
  1000 | D:3      | Reached XP level 4. HP: 24/24 MP: 4/7
  1226 | D:3      | Noticed Ijyb
  1247 | D:3      | Killed Ijyb
  1361 | D:3      | Found a glowing golden altar of the Shining One.
  1576 | D:3      | Reached skill level 1 in Ice Magic
  1576 | D:3      | Reached XP level 5. HP: 22/28 MP: 9/9
  1613 | D:3      | Reached skill level 7 in Stealth
  1748 | D:3      | Noticed Sigmund
  1752 | D:3      | Killed Sigmund
  1752 | D:3      | Reached skill level 8 in Stealth
  1752 | D:3      | Reached XP level 6. HP: 32/32 MP: 10/10
  1894 | D:4      | Gained mutation: You have large cloven feet. [potion of beneficial mutation]
  1913 | D:4      | Noticed timbw's ghost (average DEVM)
  1923 | D:4      | Killed timbw's ghost
  1936 | D:4      | Reached skill level 9 in Stealth
  1936 | D:4      | Reached XP level 7. HP: 36/36 MP: 2/12
  2024 | D:4      | Lost mutation: You have large cloven feet. [potion of cure mutation]
  2386 | D:4      | Reached skill level 10 in Stealth
  2470 | D:4      | Reached skill level 5 in Hexes
  2623 | D:5      | Entered Level 5 of the Dungeon
  2927 | D:5      | Reached XP level 8. HP: 41/41 MP: 13/13
  2958 | D:5      | Found an iron altar of Okawaru.
  3013 | D:5      | Reached skill level 11 in Stealth
  3251 | D:5      | Found a shattered altar of Ashenzari.
  3256 | D:5      | Became a worshipper of Ashenzari the Shackled
  3486 | D:6      | HP: 2/41 [centaur (9)]
  3643 | D:6      | Reached skill level 12 in Stealth
  3690 | D:6      | Reached skill level 5 in Dodging
  3755 | D:6      | Identified a +1 rod of destruction (12/12) (You found it on level 6 of the Dungeon)
  3855 | D:7      | Reached XP level 9. HP: 43/45 MP: 14/14
  4048 | D:7      | Found Acisier's Magic Scroll Shop.
  4141 | D:7      | Noticed an unseen horror
  4148 | D:7      | Killed an unseen horror
  4148 | D:7      | Reached skill level 13 in Stealth
  4218 | D:7      | Found an opulent altar of Gozag.
  4365 | D:7      | Found a staircase to the Ecumenical Temple.
  4370 | Temple   | Entered the Ecumenical Temple
  4543 | D:8      | Found a white marble altar of Elyvilon.
  4577 | D:8      | Found a sand-covered staircase.
  4591 | Ossuary  | Entered an ossuary
  4895 | D:8      | Found a glowing golden altar of the Shining One.
  4942 | D:8      | Reached skill level 14 in Stealth
  4954 | D:8      | Reached XP level 10. HP: 43/50 MP: 16/16
  5121 | D:8      | Learned a level 3 spell: Dazzling Spray
  5679 | D:9      | Found a staircase to the Lair.
  5688 | D:9      | Reached skill level 15 in Stealth
  5734 | D:9      | Found a stormy altar of Qazlal.
  5772 | D:9      | Reached skill level 10 in Dodging
  5859 | D:9      | Found a snail-covered altar of Cheibriados.
  5906 | Lair:1   | Entered Level 1 of the Lair of Beasts
  6014 | Lair:1   | Noticed a spiny frog
  6021 | Lair:1   | Killed a spiny frog
  6157 | Lair:1   | Acquired Ashenzari's first power
  6269 | Lair:2   | Found a frozen archway.
  6364 | Lair:2   | Reached skill level 1 in Fighting
  6415 | IceCv    | Entered an ice cave
  6459 | IceCv    | Reached XP level 11. HP: 32/59 MP: 3/17
  6512 | IceCv    | Reached skill level 16 in Stealth
  6546 | IceCv    | Reached skill level 5 in Short Blades
  6828 | IceCv    | Noticed a white draconian
  6847 | IceCv    | Killed a white draconian
  6847 | IceCv    | Reached skill level 5 in Fighting
  6915 | IceCv    | Reached skill level 17 in Stealth
  6960 | IceCv    | Reached XP level 12. HP: 41/71 MP: 16/18
  6967 | IceCv    | Noticed an ice statue
  7086 | Lair:2   | Noticed a spiny frog
  7098 | Lair:2   | HP: 3/71 [spiny frog (20)]
  7100 | Lair:2   | Killed a spiny frog
  7407 | Lair:2   | Noticed a spiny frog
  7413 | Lair:2   | Killed a spiny frog
  7671 | Lair:3   | Noticed a four-headed hydra
  7671 | Lair:3   | Noticed an eight-headed hydra
  7673 | Lair:3   | Killed an eight-headed hydra
  7678 | Lair:3   | Killed a four-headed hydra
  7678 | Lair:3   | Reached skill level 10 in Short Blades
  7777 | Lair:3   | Reached skill level 18 in Stealth
  7777 | Lair:3   | Reached skill level 1 in Evocations
  7973 | Lair:4   | Found a hole to the Spider Nest.
  7987 | Lair:4   | Acquired Ashenzari's second power
  8236 | Lair:4   | Reached XP level 13. HP: 64/78 MP: 21/21
  8284 | Lair:4   | Reached skill level 5 in Evocations
  8835 | Lair:5   | Reached skill level 19 in Stealth
  8902 | Lair:5   | Found a staircase to the Swamp.
  9020 | Lair:6   | Acquired Ashenzari's third power
  9144 | Lair:6   | Found a viscous altar of Jiyva.
  9185 | Lair:6   | Found a staircase to the Slime Pits.
  9493 | Lair:6   | Acquired Ashenzari's fourth power
  9757 | Lair:7   | Identified the cursed -3 leather armour "Jocuugg" {-Cast Str+2 Dex+6}
  9990 | Lair:7   | Reached XP level 14. HP: 84/84 MP: 25/25
 10125 | Lair:8   | Entered Level 8 of the Lair of Beasts
 10582 | Lair:8   | Reached skill level 20 in Stealth
 10943 | Lair:8   | Reached skill level 15 in Dodging
 11281 | Lair:6   | Reached skill level 5 in Spellcasting
 11721 | D:9      | Gained mutation: You are dopey. (Int -2) [potion of mutation]
 11721 | D:9      | Gained mutation: Your body is slowly deteriorating. [potion of mutation]
 11721 | D:9      | Gained mutation: You are partially covered in rough black scales (AC +4, Dex -1). [potion of mutation]
 11761 | D:9      | Noticed timbw's ghost (experienced SpIE)
 11763 | D:9      | Killed timbw's ghost
 11801 | D:9      | Found a runed door.
 11926 | D:10     | Entered Level 10 of the Dungeon
 12357 | D:10     | Reached XP level 15. HP: 88/88 MP: 27/27
 12471 | D:10     | Found a staircase to the Orcish Mines.
 12494 | Orc:1    | Entered Level 1 of the Orcish Mines
 12800 | Orc:2    | Found Mysaxt's Armour Emporium.
 13007 | Orc:3    | Found Ufenax's Magic Scroll Shoppe.
 13282 | Orc:4    | Entered Level 4 of the Orcish Mines
 13456 | Orc:4    | Found a roughly hewn altar of Beogh.
 13521 | Orc:4    | Found a staircase to the Elven Halls.
 13572 | Orc:4    | Noticed Josephine
 13586 | Orc:4    | Killed Josephine
 13703 | Orc:4    | Identified the +3 hat of Deg Utzi {Str-2 Int+6}
 13731 | Orc:4    | Identified the cursed -2 hat of Curiosity {rF+} (You found it on level 4 of the Orcish Mines)
 13776 | Orc:4    | Learned a level 2 spell: Repel Missiles
 13780 | Orc:4    | Learned a level 3 spell: Flight
 13822 | Orc:4    | Found Canastid's Jewellery Emporium.
 13826 | Orc:4    | Found Khaisch's General Store.
 13850 | Orc:4    | Reached skill level 1 in Air Magic
 13860 | Orc:4    | Paralysed by an orc sorcerer for 2 turns
 14189 | Orc:4    | Found Soun Rek's Distillery.
 14191 | Orc:4    | Found Tiajam's Food Emporium.
 14200 | Orc:4    | Bought a meat ration for 60 gold pieces
 14200 | Orc:4    | Bought a meat ration for 60 gold pieces
 14200 | Orc:4    | Bought a meat ration for 60 gold pieces
 14200 | Orc:4    | Bought a meat ration for 60 gold pieces
 14202 | Orc:4    | Bought a potion of brilliance for 56 gold pieces
 14202 | Orc:4    | Bought a potion of curing for 42 gold pieces
 14202 | Orc:4    | Bought a potion of resistance for 140 gold pieces
 14202 | Orc:4    | Bought 2 potions of might for 112 gold pieces
 14202 | Orc:4    | Bought a potion of flight for 42 gold pieces
 14202 | Orc:4    | Bought 2 potions of might for 112 gold pieces
 14210 | Orc:4    | Bought a scroll of teleportation for 30 gold pieces
 14210 | Orc:4    | Bought a scroll of recharging for 95 gold pieces
 14210 | Orc:4    | Bought a scroll of remove curse for 30 gold pieces
 14210 | Orc:4    | Bought a scroll of silence for 75 gold pieces
 14275 | Orc:3    | Bought a scroll of recharging for 142 gold pieces
 14275 | Orc:3    | Bought a scroll of remove curse for 45 gold pieces
 14275 | Orc:3    | Bought a scroll of acquirement for 780 gold pieces
 14275 | Orc:3    | Bought a scroll of remove curse for 45 gold pieces
 14275 | Orc:3    | Bought a scroll of remove curse for 45 gold pieces
 14412 | Elf:1    | Entered Level 1 of the Elven Halls
 14546 | Elf:1    | Noticed Rupert
 14552 | Elf:1    | HP: 3/88 [Rupert/great sword of holy wrath (40)]
 14654 | Elf:1    | Reached skill level 21 in Stealth
 14878 | Elf:1    | Learned a level 5 spell: Silence
 15011 | Elf:1    | Found Usaorug's Distillery.
 15018 | Elf:1    | Bought a potion of curing for 57 gold pieces
 15018 | Elf:1    | Bought a potion of curing for 57 gold pieces
 15137 | Elf:1    | Killed Rupert
 15317 | Elf:1    | Noticed a deep elf sorcerer
 15320 | Elf:1    | Cast into the Abyss (a deep elf sorcerer)
 15340 | Elf:1    | Escaped the Abyss
 15365 | Elf:1    | HP: 4/88 [deep elf sorcerer/bolt of acid (21)]
 15365 | Elf:1    | Splashed by a deep elf sorcerer's acid

Action                   |  1- 3 |  4- 6 |  7- 9 | 10-12 | 13-15 || total
-------------------------+-------+-------+-------+-------+-------++-------
Melee: Dagger            |    62 |    54 |       |       |       ||   116
       Short sword       |       |    12 |   250 |   475 |  1465 ||  2202
 Cast: Ensorcelled Hiber |     1 |     3 |    22 |    31 |    39 ||    96
       Confuse           |       |     2 |     3 |    14 |     9 ||    28
       Corona            |       |       |     2 |     1 |     1 ||     4
       Dazzling Spray    |       |       |       |     6 |    58 ||    64
       Repel Missiles    |       |       |       |       |     3 ||     3
Evoke: Wand              |       |       |       |     5 |    12 ||    17
  Use: Scroll            |       |     6 |    11 |     7 |    16 ||    40
       Potion            |       |     1 |     9 |     8 |     6 ||    24
 Stab: Sleeping          |    12 |     7 |    41 |    57 |   119 ||   236
       Confused          |       |     1 |     3 |     9 |     1 ||    14
       Distracted        |       |       |     2 |     1 |     7 ||    10
       Invisible         |       |       |       |     1 |    24 ||    25
  Eat: Chunk             |       |     4 |    17 |    24 |    34 ||    79
       Beef jerky        |       |       |       |       |     2 ||     2
       Pizza             |       |       |       |       |     1 ||     1
